3L
MONTANA PANDAS @ ECHO PARK LAKERS
08/29/2031
 
TOP OF THE 1ST
Montana Pandas batting - Pitching for Echo Park Lakers : LHP Will Hunting
Pitching: LHP Will Hunting
Batting: RHB Kade Knowles 0-0: Ball
1-0: Ball
2-0: Called Strike
2-1: Foul Ball, location: 2F
2-2: Ball
3-2: Strikes out looking
Batting: SHB Jesús Cabańe 0-0: Swinging Strike
0-1: Swinging Strike
0-2: Ball
1-2: Foul Ball, location: 2F
1-2: Strikes out swinging
Batting: RHB Lytle Creek 0-0: Called Strike
0-1: Ball
1-1: Ball
2-1: DOUBLE (Line Drive, 7LD)
Batting: RHB Vito Middendorf 0-0: Ball
1-0: Called Strike
1-1: Ground out 5-3 (Groundball, 25)
Top of the 1st over - 0 runs, 1 hit, 0 errors, 1 left on base; Montana 0 - Echo Park 0
BOTTOM OF THE 1ST
Echo Park Lakers batting - Pitching for Montana Pandas : RHP Mark Simmons
Pitching: RHP Mark Simmons
Batting: RHB Guillermo Coss 0-0: Called Strike
0-1: Ball
1-1: Ball
2-1: Called Strike
2-2: Ball
3-2: Foul Ball, location: 2F
3-2: Base on Balls
Batting: RHB Jesús Villalba 0-0: Swinging Strike
0-1: Ball
1-1: Ball
2-1: Swinging Strike
2-2: Ball
3-2: Grounds into double play, 6-4-3 (Groundball, 6)
Batting: RHB Kumanosuke Abe 0-0: Foul Ball, location: 2F
0-1: Ball
1-1: Ball
2-1: Foul Ball, location: 2F
2-2: Ball
3-2: Foul Ball, location: 2F
3-2: SINGLE (Line Drive, 6MD)
Batting: RHB Yoshihito Samurakami 0-0: Foul Ball, location: 2F
0-1: Ball
1-1: Ball
2-1: DOUBLE (Flyball, 8LXD)
Kumanosuke Abe to third
Batting: LHB Stefan Vanderhoof 0-0: Called Strike
0-1: Ball
Passed Ball!
Kumanosuke Abe scores
Yoshihito Samurakami to third
1-1: Foul Ball, location: 2F
1-2: Fly out, F6 (Line Drive, 6M)
Bottom of the 1st over - 1 run, 2 hits, 0 errors, 1 left on base; Montana 0 - Echo Park 1
TOP OF THE 2ND
Montana Pandas batting - Pitching for Echo Park Lakers : LHP Will Hunting
Batting: RHB Juan Aguirre 0-0: Called Strike
0-1: Ball
1-1: Ball
2-1: Ball
3-1: SINGLE (Groundball, 56) (infield hit)
Batting: RHB Roberto Escues 0-0: Ball
1-0: Ball
2-0: Ball
3-0: Base on Balls
Juan Aguirre to second
Batting: LHB Miguel Gazivoda 0-0: Ball
1-0: Called Strike
1-1: Ball
2-1: Ball
3-1: Base on Balls
Juan Aguirre to third
Roberto Escues to second
Batting: LHB Terrence Eler 0-0: Called Strike
0-1: Swinging Strike
0-2: Strikes out swinging
Batting: LHB Roberto Fierro 0-0: Foul Ball, location: 2F
0-1: Called Strike
0-2: Fielders Choice at 2nd, 4-6 (Groundball, 34D)
Juan Aguirre scores
Roberto Escues to third
Batting: RHB Kade Knowles 0-0: Ball
1-0: Ball
2-0: Fielders Choice at 2nd, 5-4 (Groundball, 5)
Top of the 2nd over - 1 run, 1 hit, 0 errors, 2 left on base; Montana 1 - Echo Park 1
BOTTOM OF THE 2ND
Echo Park Lakers batting - Pitching for Montana Pandas : RHP Mark Simmons
Batting: RHB Chris Harrell 0-0: Ball
1-0: Ball
2-0: Ball
3-0: Base on Balls
Batting: RHB Freddy Torres 0-0: Ball
1-0: Fly out, F6 (Line Drive, 6)
Batting: RHB Ismael Sandoval 0-0: Ball
1-0: Foul Ball, location: 2F
1-1: Ground out 5-3 (Groundball, 56S)
Chris Harrell to second
Batting: RHB Habbo Allaart 0-0: Ball
1-0: Swinging Strike
1-1: Ball
2-1: Ground out 6-3 (Groundball, 6D)
Bottom of the 2nd over - 0 runs, 0 hits, 0 errors, 1 left on base; Montana 1 - Echo Park 1
TOP OF THE 3RD
Montana Pandas batting - Pitching for Echo Park Lakers : LHP Will Hunting
Batting: SHB Jesús Cabańe 0-0: Called Strike
0-1: Ball
1-1: Swinging Strike
1-2: Fly out, F8 (Flyball, 8RM)
Batting: RHB Lytle Creek 0-0: Ball
1-0: Called Strike
1-1: Foul Ball, location: 2F
1-2: Strikes out swinging
Batting: RHB Vito Middendorf 0-0: Called Strike
0-1: Swinging Strike
0-2: Strikes out looking
Top of the 3rd over - 0 runs, 0 hits, 0 errors, 0 left on base; Montana 1 - Echo Park 1
BOTTOM OF THE 3RD
Echo Park Lakers batting - Pitching for Montana Pandas : RHP Mark Simmons
Batting: RHB Guillermo Coss 0-0: Ball
1-0: Ball
2-0: Fly out, F3 (Line Drive, 3)
Batting: RHB Jesús Villalba 0-0: Fly out, F9 (Flyball, 89D)
Batting: RHB Kumanosuke Abe 0-0: Called Strike
0-1: Ground out 3-1 (Groundball, 34S)
Bottom of the 3rd over - 0 runs, 0 hits, 0 errors, 0 left on base; Montana 1 - Echo Park 1
TOP OF THE 4TH
Montana Pandas batting - Pitching for Echo Park Lakers : LHP Will Hunting
Batting: RHB Juan Aguirre 0-0: Ball
1-0: Ball
2-0: Foul Ball, location: 2F
2-1: Ground out 5-3 (Groundball, 56)
Batting: RHB Roberto Escues 0-0: Ball
1-0: Called Strike
1-1: Fly out, F8 (Flyball, 8RD)
Batting: LHB Miguel Gazivoda 0-0: Swinging Strike
0-1: Swinging Strike
0-2: Foul Ball, location: 2F
0-2: Ball
1-2: Ball
2-2: Strikes out swinging
Top of the 4th over - 0 runs, 0 hits, 0 errors, 0 left on base; Montana 1 - Echo Park 1
BOTTOM OF THE 4TH
Echo Park Lakers batting - Pitching for Montana Pandas : RHP Mark Simmons
Batting: RHB Yoshihito Samurakami 0-0: Ball
1-0: Called Strike
1-1: Ground out 1-3 (Groundball, P)
Pitching: LHP Zalontae Hillary
Batting: LHB Stefan Vanderhoof 0-0: Ball
1-0: Swinging Strike
1-1: Ground out 5-3 (Groundball, 5)
Batting: RHB Chris Harrell 0-0: SINGLE (Groundball, 6D)
Batting: RHB Freddy Torres 0-0: Foul Ball, location: 2F
0-1: Ball
1-1: DOUBLE (Groundball, 5L)
Chris Harrell to third
Runner from 3rd tries for Home, SAFE, no throw
Batting: RHB Ismael Sandoval 0-0: Foul Ball, location: 2F
0-1: SINGLE (Groundball, 34D)
Freddy Torres to third
Runner from 3rd tries for Home, SAFE, no throw
Batting: RHB Habbo Allaart 0-0: SINGLE (Groundball, 3) (infield hit)
Ismael Sandoval to second
Batting: RHB Guillermo Coss 0-0: Ball
1-0: SINGLE (Line Drive, 4MD)
Ismael Sandoval to third
Habbo Allaart to second
Runner from 3rd tries for Home, SAFE, no throw
Batting: RHB Jesús Villalba 0-0: Ball
1-0: Swinging Strike
1-1: SINGLE (Groundball, 4) (infield hit)
Habbo Allaart to third
Guillermo Coss to second
Batting: RHB Kumanosuke Abe 0-0: Called Strike
0-1: Ball
1-1: Called Strike
1-2: Foul Ball, location: 2F
1-2: Ball
2-2: Ball
3-2: Strikes out looking
Bottom of the 4th over - 3 runs, 6 hits, 0 errors, 3 left on base; Montana 1 - Echo Park 4
TOP OF THE 5TH
Montana Pandas batting - Pitching for Echo Park Lakers : LHP Will Hunting
Batting: LHB Terrence Eler 0-0: Ball
1-0: Foul Ball, location: 2F
1-1: Foul Ball, location: 2F
1-2: Foul Ball, location: 2F
1-2: Ball
2-2: SINGLE (Groundball, 56S) (infield hit)
Batting: LHB Roberto Fierro 0-0: Ball
1-0: Called Strike
1-1: Ball
2-1: Called Strike
2-2: Strikes out swinging
Batting: RHB Kade Knowles 0-0: Called Strike
0-1: Foul Ball, location: 2F
0-2: Ball
1-2: Foul Ball, location: 2F
1-2: Strikes out looking
Batting: SHB Jesús Cabańe 0-0: Called Strike
0-1: Ball
1-1: Swinging Strike
1-2: Ground out 4-3 (Groundball, 4)
Top of the 5th over - 0 runs, 1 hit, 0 errors, 1 left on base; Montana 1 - Echo Park 4
BOTTOM OF THE 5TH
Echo Park Lakers batting - Pitching for Montana Pandas : LHP Zalontae Hillary
Batting: RHB Yoshihito Samurakami 0-0: Ball
1-0: Foul Ball, location: 2F
1-1: Ball
2-1: Ball
3-1: Called Strike
3-2: Foul Ball, location: 2F
3-2: Base on Balls
Batting: LHB Stefan Vanderhoof 0-0: Swinging Strike
0-1: Swinging Strike
0-2: Ball
1-2: Ball
2-2: Ball
3-2: Foul Ball, location: 2F
3-2: Base on Balls
Yoshihito Samurakami to second
Batting: RHB Chris Harrell 0-0: Swinging Strike
0-1: Foul Ball, location: 2F
0-2: Ball
1-2: 3-RUN HOME RUN (Line Drive, 7D), Distance : 389 ft
Pitching: RHP Greg Davis
Batting: RHB Freddy Torres 0-0: Swinging Strike
0-1: Ball
1-1: Called Strike
1-2: Fly out, F7 (Flyball, 7S)
Batting: RHB Ismael Sandoval 0-0: Ball
1-0: Called Strike
1-1: Foul Ball, location: 2F
1-2: Strikes out swinging
Batting: RHB Habbo Allaart 0-0: Ball
1-0: Called Strike
1-1: Swinging Strike
1-2: Ball
2-2: Foul Ball, location: 2F
2-2: Foul Ball, location: 2F
2-2: Foul Ball, location: 2F
2-2: Ball
3-2: Ground out 5-3 (Groundball, 56)
Bottom of the 5th over - 3 runs, 1 hit, 0 errors, 0 left on base; Montana 1 - Echo Park 7
TOP OF THE 6TH
Montana Pandas batting - Pitching for Echo Park Lakers : LHP Will Hunting
Batting: RHB Lytle Creek 0-0: Ball
1-0: Called Strike
1-1: Called Strike
1-2: Ball
2-2: Foul Ball, location: 2F
2-2: Foul Ball, location: 2F
2-2: Reached on error, E5 (Groundball, 56)
Batting: RHB Vito Middendorf 0-0: Called Strike
0-1: Foul Ball, location: 2F
0-2: Ball
1-2: Grounds into double play, 4-6-3 (Groundball, 4)
Batting: RHB Juan Aguirre 0-0: Ball
1-0: Called Strike
1-1: Foul Ball, location: 2F
1-2: Foul Ball, location: 2F
1-2: Ball
2-2: Ground out 4-3 (Groundball, 4MD)
Top of the 6th over - 0 runs, 0 hits, 1 error, 0 left on base; Montana 1 - Echo Park 7
BOTTOM OF THE 6TH
Echo Park Lakers batting - Pitching for Montana Pandas : RHP Greg Davis
Batting: RHB Guillermo Coss 0-0: Foul Ball, location: 2F
0-1: Fly out, F4 (Line Drive, 4M)
Batting: RHB Jesús Villalba 0-0: Foul Ball, location: 2F
0-1: Foul Ball, location: 2F
0-2: Ball
1-2: Foul Ball, location: 2F
1-2: Ball
2-2: Strikes out swinging
Batting: RHB Kumanosuke Abe 0-0: Swinging Strike
0-1: Ball
1-1: Foul Ball, location: 2F
1-2: Foul Ball, location: 2F
1-2: Ball
2-2: Reached on error, E5 (Groundball, 56S)
Pitching: RHP António Rodríguez
Batting: RHB Yoshihito Samurakami 0-0: Called Strike
0-1: Ball
1-1: Reached on error, E4 (Groundball, 34)
Kumanosuke Abe to third
Batting: LHB Stefan Vanderhoof 0-0: Ball
1-0: Ball
2-0: Called Strike
2-1: Called Strike
2-2: SINGLE (Flyball, 7S)
Kumanosuke Abe scores
Yoshihito Samurakami to third
Runner from 3rd tries for Home, SAFE, throw made home
Batting: RHB Chris Harrell 0-0: Foul Ball, location: 2F
0-1: Ball
1-1: Called Strike
1-2: Strikes out swinging
Bottom of the 6th over - 2 runs, 1 hit, 2 errors, 1 left on base; Montana 1 - Echo Park 9
TOP OF THE 7TH
Montana Pandas batting - Pitching for Echo Park Lakers : LHP Will Hunting
Batting: RHB Roberto Escues 0-0: Swinging Strike
0-1: Foul Ball, location: 2F
0-2: Strikes out looking
Batting: LHB Miguel Gazivoda 0-0: Ball
1-0: Called Strike
1-1: Fly out, F8 (Flyball, 78M)
Batting: LHB Terrence Eler 0-0: Foul Ball, location: 2F
0-1: Fly out, F9 (Line Drive, 9)
Top of the 7th over - 0 runs, 0 hits, 0 errors, 0 left on base; Montana 1 - Echo Park 9
BOTTOM OF THE 7TH
Echo Park Lakers batting - Pitching for Montana Pandas : RHP António Rodríguez
Batting: RHB Freddy Torres 0-0: Ball
1-0: Called Strike
1-1: Foul Ball, location: 2F
1-2: Ball
2-2: Strikes out looking
Batting: RHB Ismael Sandoval 0-0: Foul Ball, location: 2F
0-1: Ball
1-1: Ball
2-1: Ball
3-1: Called Strike
3-2: Base on Balls
Batting: RHB Habbo Allaart 0-0: SINGLE (Line Drive, 4MD)
Ismael Sandoval to second
Runner from 2nd tries for 3rd, SAFE, throw made to third
Batting: RHB Guillermo Coss 0-0: Called Strike
Habbo Allaart is caught stealing 2nd base
0-1: Called Strike
0-2: Ground out 4-3 (Groundball, 4D)
Bottom of the 7th over - 0 runs, 1 hit, 0 errors, 1 left on base; Montana 1 - Echo Park 9
TOP OF THE 8TH
Montana Pandas batting - Pitching for Echo Park Lakers : LHP Will Hunting
Batting: LHB Roberto Fierro 0-0: Ball
1-0: Swinging Strike
1-1: Ball
2-1: Called Strike
2-2: SINGLE (Line Drive, 6)
Batting: RHB Kade Knowles 0-0: Called Strike
0-1: Ball
1-1: Ball
2-1: Called Strike
2-2: Strikes out looking
Pitching: RHP Arnout Els
Batting: SHB Jesús Cabańe 0-0: Foul Ball, location: 2F
0-1: Ball
1-1: Called Strike
1-2: Fly out, F4 (Line Drive, 4)
Batting: RHB Lytle Creek 0-0: Called Strike
0-1: Swinging Strike
0-2: Ball
1-2: Ball
2-2: Ball
3-2: Base on Balls
Roberto Fierro to second
Batting: RHB Vito Middendorf 0-0: Called Strike
0-1: Foul Ball, location: 2F
0-2: Ball
1-2: Foul Ball, location: 2F
1-2: Ball
2-2: Foul Ball, location: 2F
2-2: Foul Ball, location: 2F
2-2: Reached on error, E7 (Flyball, 7)
Roberto Fierro scores
Lytle Creek to third
Batting: RHB Juan Aguirre 0-0: Fly out, F9 (Flyball, 9LMF)
Top of the 8th over - 1 run, 1 hit, 1 error, 2 left on base; Montana 2 - Echo Park 9
BOTTOM OF THE 8TH
Echo Park Lakers batting - Pitching for Montana Pandas : RHP António Rodríguez
Batting: RHB Jesús Villalba 0-0: Ball
1-0: Ball
2-0: Called Strike
2-1: Called Strike
2-2: Ball
3-2: Base on Balls
Batting: RHB Kumanosuke Abe 0-0: Called Strike
0-1: Called Strike
0-2: Foul Ball, location: 2F
0-2: Ball
1-2: Strikes out swinging
Batting: RHB Yoshihito Samurakami 0-0: Ball
1-0: Ball
2-0: SINGLE (Groundball, 34S) (infield hit)
Jesús Villalba to second
Batting: LHB Stefan Vanderhoof 0-0: Called Strike
0-1: Called Strike
0-2: Grounds into double play, 4-6-3 (Groundball, 4)
Bottom of the 8th over - 0 runs, 1 hit, 0 errors, 1 left on base; Montana 2 - Echo Park 9
TOP OF THE 9TH
Montana Pandas batting - Pitching for Echo Park Lakers : RHP Arnout Els
Batting: RHB Roberto Escues 0-0: Ball
1-0: Foul Ball, location: 2F
1-1: Ball
2-1: Fly out, F8 (Flyball, 78M)
Batting: LHB Miguel Gazivoda 0-0: Foul Ball, location: 2F
0-1: Fly out, F8 (Flyball, 8RS)
Batting: LHB Terrence Eler 0-0: Swinging Strike
0-1: Ball
1-1: Swinging Strike
1-2: Foul Ball, location: 2F
1-2: Foul Ball, location: 2F
1-2: Foul Ball, location: 2F
1-2: Strikes out swinging
Top of the 9th over - 0 runs, 0 hits, 0 errors, 0 left on base; Montana 2 - Echo Park 9
Tuesday, June 12th, 2018 - OOTP Baseball 18.8 Build 76